Unix NetHack Version 5.0.0-0 post-release - last build Jun 10 2026 00:39:30 (3ee93aec679c4c4259841fe613dc97188e26a321,branch:main).

Game began 2026-06-14 03:13:34, ended 2026-06-14 03:45:07.

DiePARTEI, neutral female human Tourist

  -----         ---------
  |<..---  ------.....@)--    -------                       ---------------
  |.....---|.........--G.|    |.....|          -------      |.............|
  --..|....|.---------|).|    |.._..|          |>....|     --+---|--.----+|
   --.|-.....----     |..|    |.....|  ------  --....|---  |..|...|-.|.+..|
    --|.........|---  |..--   ---|---  |..+.-------..|..---|..|--+-..--|..|
      ----.|....|..----...--    |^|    |..|......---+-.....-+--........--+|
         -----..|....|.....---- |)|    |..|.----........--................|
      ------ |..|.............---%-%   ---|.-..|-.......-|..--------+--..--
      |....| --.|....---.........)%-----  |.|..||...{....|--|.........|..--
      |....|  |.|......|...|...........---|.|..|--.......|  |.........|...|
      ---+--------....-------...---......-|.|------....--|  ---------------
   ------.---...-|...-|..|..|-...|..---...|.--..|...|....|------ |.......|
   |..|-.........|..--|..|..|--.....|-....|.....|..---...-|....| |.-------
   |..+...............-|---.-----..-|..........-|....|-...+....| |.|...|.
  -----.....{....----...............|...........|-...|...-|....| |.|...|
  |..............-- |-+--.---------.........--..|........|------ |.--+-------
  |+-----.........| |...|.|.((/|  --.......-----|...|....|--------.....|....|
  |...| --..------- |...|.-.(((|   ---...---    --..|...--......|...{..+..-+|
  |...|  ----       ------|.%((|     -----       -----.....----........|..|.|
  -----                   ------                     -------  ---------------
DiePARTEI the Excursionist  St:11 Dx:10 Co:15 In:15 Wi:8 Ch:15  Neutral
Dlvl:5  $:667 HP:0(65) Pw:20(20) AC:7  Xp:7 T:5385  Burdened

Latest messages:
 My, this is a yummy slime mold!
 The wererat changes into a rat.
 The wererat drops a knife.
 The wererat bites!
 In what direction? 2
 The dart hits the wererat.
 The wererat bites!
 The wererat bites!
 In what direction? 2
 The dart misses the wererat.
 The wererat bites!
 You feel less confused now.
 In what direction? 2
 The dart hits the wererat.
 The wererat bites!
 You have no ammunition readied.
 What do you want to fire? [$apsDKOUYZ or ?*] <enter>
 Never mind.
 What do you want to ready? [$apsDKOUYZ or ?*] ?
 a - 2 blessed +2 darts (at the ready).
 In what direction? 2
 The dart hits the wererat!
 The wererat bites!
 You feel feverish.
 You can't handle your silver ring anymore!
 The wererat changes into a human.
 The wererat hits!
 The gnome lord hits!
 In what direction? 2
 The dart hits the wererat.
 The wererat changes into a rat.
 The wererat bites!
 The gnome lord hits!
 You hit the wererat.
 The wererat changes into a human.
 The wererat hits!
 The gnome lord hits!
 There are several objects here.
 The gnome lord picks up a corroded spear.
 You are feeling mildly nauseated.
 The gnome lord wields a corroded spear!
 You have a little trouble lifting o - 4 blessed darts (at the ready).
 o - 3 blessed darts (at the ready) (7 in total).
 Q - a tin.
 The gnome lord thrusts his spear.
 The gnome lord hits!
 You die...
 Do you want your possessions identified? [ynq] (y) y
 Do you want to see your attributes? [ynq] (y) y
 Do you want an account of creatures vanquished? [ynaq] (y) q

Inventory:
 Coins    ('$')
  $ - 667 gold pieces
 Weapons  (')')
  o - 7 blessed +1 darts (at the ready)
  D - 14 +0 darts
  p - 10 +0 daggers
  K - a blessed +1 orcish dagger
  s - 2 +0 orcish daggers
  Z - a +0 axe
  O - the blessed rustproof +6 Ogresmasher
  U - a cursed +0 orcish short sword
  Y - the rustproof +2 Trollsbane
 Armor    ('[')
  L - an uncursed +0 orcish helm
  P - an uncursed +0 orcish helm (being worn)
  w - an uncursed +0 pair of iron shoes (being worn)
  l - an uncursed +0 Hawaiian shirt with a hula dancer motif (being worn)
 Comestibles  ('%')
  Q - an uncursed tin of spinach
 Scrolls  ('?')
  M - an uncursed scroll of confuse monster
  k - 2 uncursed scrolls of magic mapping
 Potions  ('!')
  t - 2 cursed potions of healing
 Rings    ('=')
  u - an uncursed ring of regeneration
 Wands    ('/')
  z - a wand of magic missile (0:0)
  J - a wand of make invisible (0:2)
 Tools    ('(')
  n - an uncursed credit card
  m - an expensive camera (0:55)
  A - an uncursed mirror
  E - a +0 pick-axe
  y - an uncursed towel
 Gems/Stones  ('*')
  S - an uncursed worthless piece of blue glass
  v - a cursed worthless piece of white glass
  x - 2 uncursed worthless pieces of yellowish brown glass
  N - an uncursed rock

DiePARTEI the Tourist's attributes:

Background:
 You were an Excursionist, a level 7 female human Tourist.
 You were neutral, on a mission for The Lady
 who was opposed by Blind Io (lawful) and Offler (chaotic).
 You were right-handed.
 You were in the Gnomish Mines, on level 5.
 You entered the dungeon 5385 turns ago.
 It was nighttime.
 There was a new moon in effect when your adventure ended.
 You had 644 experience points, 636 more were needed to attain level 8.

Basics:
 You had 0 out of 65 hit points.
 You had all 20 energy points (spell power).
 Your armor class was 7.
 Your wallet contained 667 zorkmids.
 Autopickup was off.

Final Characteristics:
 Your strength was 11 (peak:12, limit:18/100).
 Your dexterity was 10 (limit:18).
 Your constitution was 15 (peak:17, limit:18).
 Your intelligence was 15 (limit:18).
 Your wisdom was 8 (limit:18).
 Your charisma was 15 (limit:18).

Final Status:
 You were nauseated.
 You weren't hungry.
 You were burdened; movement was slightly slowed.
 You were bare handed.
 You were skilled in bare handed combat.

Final Attributes:
 You were piously aligned.
 You were level-drain resistant.
 You were a wererat.
 You were harmed by silver.
 You are dead.

Miscellaneous:
 You didn't encounter any bones levels.
 Total elapsed playing time was 31 minutes and 33 seconds.

Major events:
 Turn
    1: DiePARTEI the neutral female human Tourist entered the dungeon
 2432: attained the rank of Sightseer (level 3)
 2772: was bestowed with Ogresmasher by The Lady
 4058: was bestowed with Trollsbane by The Lady
 4510: entered the Gnomish Mines
 4649: reached Mine Town
 4784: attained the rank of Excursionist (level 6)
 5385: killed by a gnome lord

You didn't know any spells.

Skills:
 Fighting Skills
   bare handed combat [Skilled]
   two weapon combat  [Unskilled]
   riding             [Unskilled]
 Weapon Skills
   dagger             [Unskilled]
   knife              [Unskilled]
   axe                [Unskilled]
   pick-axe           [Unskilled]
   short sword        [Unskilled]
   broadsword         [Unskilled]
   long sword         [Unskilled]
   two-handed sword   [Unskilled]
   saber              [Unskilled]
   mace               [Unskilled]
   morning star       [Unskilled]
   flail              [Unskilled]
   hammer             [Unskilled]
   quarterstaff       [Unskilled]
   polearms           [Unskilled]
   spear              [Unskilled]
   trident            [Unskilled]
   lance              [Unskilled]
   bow                [Unskilled]
   sling              [Unskilled]
   crossbow           [Unskilled]
   dart               [Basic]
   shuriken           [Unskilled]
   boomerang          [Unskilled]
   whip               [Unskilled]
   unicorn horn       [Unskilled]
 Spellcasting Skills
   divination spells  [Unskilled]
   enchantment spells [Unskilled]
   escape spells      [Unskilled]

Voluntary challenges:
 Character rerolling was not enabled.
 You never hit with a wielded weapon.
 You never genocided any monsters.
 You never changed form.
 You used no wishes.
Achievements:
 You attained the rank of Sightseer.
 You entered a shop.
 You entered the Gnomish Mines.
 You entered Minetown.
 You entered a temple.
 You attained the rank of Excursionist.

 The Dungeons of Doom: levels 1 to 2
    Level 1:
       An altar to The Lady, a fountain.
    Level 2:
       A scroll shop, a fountain.
       Stairs down to The Gnomish Mines.
 The Gnomish Mines: levels 3 to 5
    Level 3:
    Level 4:
    Level 5: <- You were here.
       Many shops, a temple and an altar to The Lady, many fountains.
       Final resting place for
          you, killed by a gnome lord.


Vanquished creatures:
  a giant mimic
 an imp
  5 Uruk-hai
  a yellow light
  3 gnome leaders
  a gnomish wizard
  2 elf zombies
  2 giant ants
  4 dwarves
  a kobold shaman
  a giant bat
 an iguana
  2 acid blobs
  4 coyotes
  a hobbit
  2 large kobolds
  2 hobgoblins
  3 giant rats
  2 brown molds
  a yellow mold
 11 gnomes
  6 geckos
 15 jackals
  3 foxes
  2 kobolds
  5 goblins
  2 sewer rats
 16 grid bugs
  a bat
 12 lichens
  7 kobold zombies
  9 newts
129 creatures vanquished.

No species were genocided or became extinct.

Game over:
                       ----------
                      /          \
                     /    REST    \
                    /      IN      \
                   /     PEACE      \
                  /                  \
                  |    DiePARTEI     |
                  |      667 Au      |
                  |   killed by a    |
                  |    gnome lord    |
                  |                  |
                  |                  |
                  |       2026       |
                 *|     *  *  *      | *
        _________)/\\_//(\/(/\)/\//\/|_)_______

Aloha DiePARTEI the Tourist...

You died in The Gnomish Mines on dungeon level 5 with 2817 points,
and 667 pieces of gold, after 5385 moves.
You were level 7 with a maximum of 65 hit points when you died.

